AAA
TUCSON TOROS @ ANNAPOLIS ADMIRALS
07/08/2060
 
TOP OF THE 1ST
Tucson Toros batting - Pitching for Annapolis Admirals : RHP Israel Schindler
Pitching: RHP Israel Schindler
Batting: RHB Devin Mastroianni 0-0: Swinging Strike
0-1: Swinging Strike
0-2: Foul Ball, location: 2F
0-2: Ball
1-2: Strikes out swinging
Batting: LHB Ozzie Young 0-0: Foul Ball, location: 2F
0-1: Ball
1-1: Swinging Strike
1-2: Foul Ball, location: 2F
1-2: Foul Ball, location: 2F
1-2: Ground out 3-1 (Groundball, 34, EV 91.9 MPH)
Batting: LHB Michael Hughes 0-0: Called Strike
0-1: Ball
1-1: Ball
2-1: Swinging Strike
2-2: Ball
3-2: SINGLE (Line Drive, 4D, EV 95.0 MPH)
Batting: LHB Dave Hargrave 0-0: Foul Ball, location: 2F
0-1: Ball
1-1: Foul Ball, location: 2F
1-2: Strikes out swinging
Top of the 1st over - 0 runs, 1 hit, 0 errors, 1 left on base; Tucson 0 - Annapolis 0
BOTTOM OF THE 1ST
Annapolis Admirals batting - Pitching for Tucson Toros : RHP Mark Myers
Pitching: RHP Mark Myers
Batting: LHB Nathan Bell 0-0: Ground out 3-1 (Groundball, 34, EV 105.6 MPH)
Batting: RHB Braden Sacks 0-0: Ball
1-0: Called Strike
1-1: Fly out, F8 (Flyball, 89D, EV 91.9 MPH)
Batting: RHB Justyn Wylie 0-0: Ball
1-0: SINGLE (Flyball, 89S, EV 91.9 MPH)
Batting: LHB Kentrellis Donciu 0-0: Foul Ball, location: 2F
0-1: Ball
1-1: Foul Ball, location: 2F
1-2: Ball
2-2: SINGLE (Line Drive, 5D, EV 101.9 MPH)
Justyn Wylie to second
Batting: RHB Sonny Zidane 0-0: Ball
1-0: Called Strike
1-1: Foul Ball, location: 2F
1-2: DOUBLE (Flyball, 9LD, EV 97.5 MPH)
Justyn Wylie scores
Kentrellis Donciu to third
Batting: LHB Charlie Estes 0-0: Ball
1-0: Swinging Strike
1-1: Called Strike
1-2: Strikes out looking
Bottom of the 1st over - 1 run, 3 hits, 0 errors, 2 left on base; Tucson 0 - Annapolis 1
TOP OF THE 2ND
Tucson Toros batting - Pitching for Annapolis Admirals : RHP Israel Schindler
Batting: RHB Coltyn Goldman 0-0: Ball
1-0: Foul Ball, location: 2F
1-1: Ball
2-1: Ball
3-1: Foul Ball, location: 2F
3-2: Fly out, F9 (Flyball, 9, EV 90.6 MPH)
Batting: RHB Mason Eubanks 0-0: Ball
1-0: Called Strike
1-1: SINGLE (Groundball, 25, EV 70.0 MPH) (infield hit)
Batting: RHB Landon Dorfmeyer 0-0: Ball
1-0: Called Strike
1-1: Called Strike
1-2: Foul Ball, location: 2F
1-2: Fly out, F8 (Flyball, 8LD, EV 93.8 MPH)
Batting: LHB Eaton Duda 0-0: Foul Ball, location: 2F
0-1: Swinging Strike
0-2: Strikes out swinging
Top of the 2nd over - 0 runs, 1 hit, 0 errors, 1 left on base; Tucson 0 - Annapolis 1
BOTTOM OF THE 2ND
Annapolis Admirals batting - Pitching for Tucson Toros : RHP Mark Myers
Batting: RHB Damon Dickinson 0-0: Called Strike
0-1: Ball
1-1: Ball
2-1: Called Strike
2-2: Ground out 5-3 (Groundball, 56, EV 93.8 MPH)
Batting: RHB Antonio Boyle 0-0: Swinging Strike
0-1: Ball
1-1: Ground out 5-3 (Groundball, 5, EV 101.2 MPH)
Batting: LHB L.G. Clia 0-0: Called Strike
0-1: Ball
1-1: Ball
2-1: Ball
3-1: Foul Ball, location: 2F
3-2: Strikes out looking
Bottom of the 2nd over - 0 runs, 0 hits, 0 errors, 0 left on base; Tucson 0 - Annapolis 1
TOP OF THE 3RD
Tucson Toros batting - Pitching for Annapolis Admirals : RHP Israel Schindler
Batting: LHB Autry Subandrio 0-0: Called Strike
0-1: Ball
1-1: Ground out 5-3 (Groundball, 5, EV 76.9 MPH)
Batting: RHB Devin Mastroianni 0-0: Called Strike
0-1: Ball
1-1: Ball
2-1: SOLO HOME RUN (Flyball, 7D, EV 99.4 MPH), Distance : 366 ft
Batting: LHB Ozzie Young 0-0: Swinging Strike
0-1: Ground out 6-3 (Groundball, 56D, EV 81.9 MPH)
Batting: LHB Michael Hughes 0-0: Ball
1-0: Ball
2-0: Swinging Strike
2-1: SINGLE (Line Drive, 8RS, EV 103.8 MPH)
Batting: LHB Dave Hargrave 0-0: Ball
1-0: Ball
2-0: Ball
3-0: Base on Balls
Michael Hughes to second
Batting: RHB Coltyn Goldman 0-0: Called Strike
0-1: Ball
1-1: SINGLE (Groundball, 6MD, EV 105.6 MPH) (infield hit)
Michael Hughes to third
Dave Hargrave to second
Batting: RHB Mason Eubanks 0-0: Foul Ball, location: 2F
0-1: Foul Ball, location: 2F
0-2: Strikes out swinging
Top of the 3rd over - 1 run, 3 hits, 0 errors, 3 left on base; Tucson 1 - Annapolis 1
BOTTOM OF THE 3RD
Annapolis Admirals batting - Pitching for Tucson Toros : RHP Mark Myers
Batting: LHB Nathan Bell 0-0: Called Strike
0-1: Swinging Strike
0-2: Ball
1-2: Foul Ball, location: 2F
1-2: Ground out 3-1 (Groundball, 34, EV 86.2 MPH)
Batting: RHB Braden Sacks 0-0: Called Strike
0-1: Fly out, F8 (Flyball, 8RM, EV 85.0 MPH)
Batting: RHB Justyn Wylie 0-0: Called Strike
0-1: Ball
1-1: Ball
2-1: Foul Ball, location: 2F
2-2: DOUBLE (Flyball, 78XD, EV 96.9 MPH)
Batting: LHB Kentrellis Donciu 0-0: Called Strike
0-1: Foul Ball, location: 2F
0-2: Ball
1-2: Ground out 5-3 (Groundball, 56, EV 84.4 MPH)
Bottom of the 3rd over - 0 runs, 1 hit, 0 errors, 1 left on base; Tucson 1 - Annapolis 1
TOP OF THE 4TH
Tucson Toros batting - Pitching for Annapolis Admirals : RHP Israel Schindler
Batting: RHB Landon Dorfmeyer 0-0: Ball
1-0: Foul Ball, location: 2F
1-1: Ball
2-1: Foul Ball, location: 2F
2-2: Ball
3-2: Foul Ball, location: 2F
3-2: Ground out 6-3 (Groundball, 6, EV 107.5 MPH)
Batting: LHB Eaton Duda 0-0: Ball
1-0: Fly out, F7 (Flyball, 7LM, EV 78.1 MPH)
Batting: LHB Autry Subandrio 0-0: Ball
1-0: Called Strike
1-1: Swinging Strike
1-2: Ball
2-2: Ball
3-2: Base on Balls
Batting: RHB Devin Mastroianni 0-0: Ball
1-0: Fly out, F8 (Flyball, 8LM, EV 91.2 MPH)
Top of the 4th over - 0 runs, 0 hits, 0 errors, 1 left on base; Tucson 1 - Annapolis 1
BOTTOM OF THE 4TH
Annapolis Admirals batting - Pitching for Tucson Toros : RHP Mark Myers
Batting: RHB Sonny Zidane 0-0: Ball
1-0: Called Strike
1-1: Ball
2-1: Ball
3-1: Reached on error, E1 (Groundball, 15S, EV 72.5 MPH)
Batting: LHB Charlie Estes 0-0: DOUBLE (Groundball, 5L, EV 101.2 MPH)
Sonny Zidane scores
Batting: RHB Damon Dickinson 0-0: Swinging Strike
0-1: Foul Ball, location: 2F
0-2: Foul Ball, location: 2F
0-2: Ball
1-2: Ground out 6-3 (Groundball, 6S, EV 87.5 MPH)
Charlie Estes to third
Batting: RHB Antonio Boyle 0-0: Ball
1-0: Ball
2-0: Foul Ball, location: 2F
2-1: Foul Ball, location: 2F
2-2: Strikes out looking
Batting: LHB L.G. Clia 0-0: Called Strike
0-1: Swinging Strike
0-2: Ball
1-2: Ball
2-2: Ball
3-2: Foul Ball, location: 2F
3-2: Base on Balls
Pitching: RHP Logan Tocci
Batting: LHB Nathan Bell 0-0: Called Strike
0-1: Ball
1-1: Ball
2-1: Foul Ball, location: 2F
2-2: Foul Ball, location: 2F
2-2: Foul Ball, location: 2F
2-2: Foul Ball, location: 2F
2-2: Foul Ball, location: 2F
2-2: Fielders Choice at 2nd, 5-4 (Groundball, 56, EV 86.9 MPH)
Bottom of the 4th over - 1 run, 1 hit, 1 error, 2 left on base; Tucson 1 - Annapolis 2
TOP OF THE 5TH
Tucson Toros batting - Pitching for Annapolis Admirals : RHP Israel Schindler
Batting: LHB Ozzie Young 0-0: Ball
1-0: Fly out, F5 (Popup, 25F, EV 77.5 MPH)
Batting: LHB Michael Hughes 0-0: Called Strike
0-1: Ball
1-1: Foul Ball, location: 2F
1-2: Ball
2-2: Fly out, F5 (Popup, 25F, EV 81.2 MPH)
Batting: LHB Dave Hargrave 0-0: Ball
1-0: Swinging Strike
1-1: Foul Ball, location: 2F
1-2: Ground out 6-3 (Groundball, 6S, EV 82.5 MPH)
Top of the 5th over - 0 runs, 0 hits, 0 errors, 0 left on base; Tucson 1 - Annapolis 2
BOTTOM OF THE 5TH
Annapolis Admirals batting - Pitching for Tucson Toros : RHP Logan Tocci
Batting: RHB Braden Sacks 0-0: Swinging Strike
0-1: Ball
1-1: Ball
2-1: Fly out, F9 (Line Drive, 9S, EV 93.1 MPH)
Batting: RHB Justyn Wylie 0-0: Ball
1-0: Foul Ball, location: 2F
1-1: Foul Ball, location: 2F
1-2: Strikes out looking
Batting: LHB Kentrellis Donciu 0-0: Ball
1-0: Called Strike
1-1: Ball
2-1: SINGLE (Groundball, 6D, EV 95.0 MPH)
Batting: RHB Sonny Zidane 0-0: Ball
1-0: Ball
2-0: Ball
3-0: Called Strike
3-1: Swinging Strike
3-2: Base on Balls
Kentrellis Donciu to second
Batting: LHB Charlie Estes 0-0: Called Strike
0-1: Called Strike
0-2: Ball
1-2: Ball
2-2: Ball
3-2: Strikes out looking
Bottom of the 5th over - 0 runs, 1 hit, 0 errors, 2 left on base; Tucson 1 - Annapolis 2
TOP OF THE 6TH
Tucson Toros batting - Pitching for Annapolis Admirals : RHP Israel Schindler
Batting: RHB Coltyn Goldman 0-0: Foul Ball, location: 2F
0-1: Swinging Strike
0-2: Foul Ball, location: 2F
0-2: Ball
1-2: SINGLE (Groundball, 25, EV 63.8 MPH) (infield hit)
Batting: RHB Mason Eubanks 0-0: Ball
1-0: Sac Bunt to 15 - play at first, batter OUT! 1-3
Coltyn Goldman to second
Batting: RHB Landon Dorfmeyer 0-0: Ball
1-0: Foul Ball, location: 2F
1-1: Ball
2-1: Ball
3-1: Base on Balls
Batting: LHB Eaton Duda 0-0: Called Strike
0-1: Swinging Strike
0-2: Ball
1-2: Strikes out swinging
Pitching: RHP Curtis Huntsinger
Batting: LHB Autry Subandrio 0-0: Ball
1-0: Foul Ball, location: 2F
1-1: Ball
2-1: Ball
3-1: DOUBLE (Line Drive, 9LM, EV 100.6 MPH)
Coltyn Goldman scores
Landon Dorfmeyer to third
Runner from 3rd tries for Home, SAFE, throw by RF to home
Batting: RHB Devin Mastroianni 0-0: Ball
1-0: Ball
2-0: Called Strike
2-1: Swinging Strike
2-2: Ground out U3 (Groundball, 34, EV 101.2 MPH)
Top of the 6th over - 2 runs, 2 hits, 0 errors, 1 left on base; Tucson 3 - Annapolis 2
BOTTOM OF THE 6TH
Annapolis Admirals batting - Pitching for Tucson Toros : RHP Logan Tocci
Batting: RHB Damon Dickinson 0-0: Swinging Strike
0-1: Called Strike
0-2: Strikes out looking
Batting: RHB Antonio Boyle 0-0: Called Strike
0-1: SINGLE (Groundball, 3D, EV 110.0 MPH)
Batting: LHB L.G. Clia 0-0: Swinging Strike
0-1: Ball
1-1: Ball
2-1: Foul Ball, location: 2F
2-2: Ball
3-2: Foul Ball, location: 2F
3-2: Strikes out swinging
Pitching: LHP Harvey Owens
Batting: LHB Nathan Bell 0-0: Called Strike
0-1: Ball
Antonio Boyle steals 2nd base
1-1: Ball
2-1: Foul Ball, location: 2F
2-2: Fly out, F6 (Flyball, 56D, EV 86.9 MPH)
Bottom of the 6th over - 0 runs, 1 hit, 0 errors, 1 left on base; Tucson 3 - Annapolis 2
TOP OF THE 7TH
Tucson Toros batting - Pitching for Annapolis Admirals : RHP Curtis Huntsinger
Batting: LHB Ozzie Young 0-0: Called Strike
0-1: Ball
1-1: Ball
2-1: Swinging Strike
2-2: Foul Ball, location: 2F
2-2: Ground out 4-3 (Groundball, 4, EV 86.2 MPH)
Batting: LHB Michael Hughes 0-0: Ball
1-0: Ball
2-0: Ball
3-0: Base on Balls
Batting: LHB Dave Hargrave 0-0: Called Strike
0-1: Grounds into double play, 4-6-3 (Groundball, 4, EV 99.4 MPH)
Top of the 7th over - 0 runs, 0 hits, 0 errors, 0 left on base; Tucson 3 - Annapolis 2
BOTTOM OF THE 7TH
Annapolis Admirals batting - Pitching for Tucson Toros : LHP Harvey Owens
Batting: RHB Braden Sacks 0-0: Ball
1-0: Swinging Strike
1-1: Called Strike
1-2: Strikes out swinging
Batting: RHB Justyn Wylie 0-0: Ball
1-0: Swinging Strike
1-1: Fly out, F6 (Popup, P, EV 90.0 MPH)
Batting: LHB Kentrellis Donciu 0-0: Ball
1-0: Ball
2-0: Ground out 4-3 (Groundball, 4, EV 107.5 MPH)
Bottom of the 7th over - 0 runs, 0 hits, 0 errors, 0 left on base; Tucson 3 - Annapolis 2
TOP OF THE 8TH
Tucson Toros batting - Pitching for Annapolis Admirals : RHP Curtis Huntsinger
Batting: RHB Coltyn Goldman 0-0: SINGLE (Groundball, 4MD, EV 91.2 MPH) (infield hit)
Batting: RHB Mason Eubanks 0-0: Bunted foul
0-1: Called Strike
Coltyn Goldman is caught stealing 2nd base 2-4
0-2: Ball
1-2: Foul Ball, location: 2F
1-2: Ground out 3-1 (Groundball, 34S, EV 86.2 MPH)
Batting: RHB Landon Dorfmeyer 0-0: Called Strike
0-1: Ball
1-1: Ball
2-1: Swinging Strike
2-2: Ball
3-2: Base on Balls
Pitching: LHP Max Richardson
Batting: LHB Eaton Duda 0-0: Swinging Strike
0-1: Swinging Strike
0-2: Strikes out looking
Top of the 8th over - 0 runs, 1 hit, 0 errors, 1 left on base; Tucson 3 - Annapolis 2
BOTTOM OF THE 8TH
Annapolis Admirals batting - Pitching for Tucson Toros : LHP Harvey Owens
Batting: RHB Sonny Zidane 0-0: Ball
1-0: Ball
2-0: Foul Ball, location: 2F
2-1: Called Strike
2-2: Foul Ball, location: 2F
2-2: Foul Ball, location: 2F
2-2: Foul Ball, location: 2F
2-2: Ball
3-2: Foul Ball, location: 2F
3-2: SINGLE (Line Drive, 8RS, EV 108.1 MPH)
Batting: LHB Charlie Estes 0-0: Ball
1-0: Bunted foul
1-1: Bunted foul
1-2: Foul Ball, location: 2F
1-2: Ball
2-2: Grounds into double play, 4-6-3 (Groundball, 4D, EV 80.6 MPH)
Batting: RHB Damon Dickinson 0-0: Ball
1-0: Foul Ball, location: 2F
1-1: Ball
2-1: Fly out, F9 (Flyball, 9D, EV 106.2 MPH)
Bottom of the 8th over - 0 runs, 1 hit, 0 errors, 0 left on base; Tucson 3 - Annapolis 2
TOP OF THE 9TH
Tucson Toros batting - Pitching for Annapolis Admirals : LHP Max Richardson
Pinch Hitting: RHB Lambert Howard 0-0: Called Strike
0-1: Foul Ball, location: 2F
0-2: Foul Ball, location: 2F
0-2: Ball
1-2: SINGLE (Groundball, 56D, EV 112.5 MPH)
Batting: RHB Devin Mastroianni 0-0: Ball
1-0: Swinging Strike
1-1: Foul Ball, location: 2F
1-2: Strikes out swinging
Batting: LHB Ozzie Young 0-0: Ball
Lambert Howard is caught stealing 2nd base 2-6
1-0: Swinging Strike
1-1: Foul Ball, location: 2F
1-2: Ball
2-2: Foul Ball, location: 2F
2-2: Foul Ball, location: 2F
2-2: SINGLE (Groundball, 34D, EV 105.6 MPH)
Batting: LHB Michael Hughes 0-0: Called Strike
0-1: Fly out, F7 (Flyball, 7, EV 83.1 MPH)
Top of the 9th over - 0 runs, 2 hits, 0 errors, 1 left on base; Tucson 3 - Annapolis 2
BOTTOM OF THE 9TH
Annapolis Admirals batting - Pitching for Tucson Toros : LHP Harvey Owens
Pitching: RHP Jonas LaBelle
Now at C: Kendall Powell
Now in LF: Kyle Tursi
Pinch Hitting: LHB Gregg Flores 0-0: Called Strike
0-1: Fly out, F8 (Line Drive, 8LD, EV 104.4 MPH)
Batting: LHB L.G. Clia 0-0: Ball
1-0: Ball
2-0: Ball
3-0: Called Strike
3-1: SINGLE (Flyball, 56D, EV 92.5 MPH)
Batting: LHB Nathan Bell 0-0: Ball
1-0: Foul Ball, location: 2F
1-1: Ball
2-1: Ball
3-1: Base on Balls
L.G. Clia to second
Batting: RHB Braden Sacks 0-0: Ball
1-0: Ball
2-0: SINGLE (Groundball, 34, EV 105.0 MPH) (infield hit)
L.G. Clia to third
Nathan Bell to second
Batting: RHB Justyn Wylie 0-0: Foul Ball, location: 2F
0-1: Swinging Strike
0-2: Strikes out swinging
Batting: LHB Kentrellis Donciu 0-0: Called Strike
0-1: Foul Ball, location: 2F
0-2: Ball
1-2: SINGLE (Flyball, 5D, EV 87.5 MPH)
L.G. Clia scores
Nathan Bell to third
Braden Sacks to second
Runner from 3rd tries for Home, SAFE, throw by LF to home
Bottom of the 9th over - 2 runs, 3 hits, 0 errors, 2 left on base; Tucson 3 - Annapolis 4
Wednesday, May 15th , 2024 - OOTP Baseball 23.10 Build 110